 Dungeon Crawl Stone Soup version 0.25.1-2-g60ff931df9 (webtiles) character file.

Game seed: 11242850226903013062

10923 Drachen the Carver (level 11, -2/86 HPs)
             Began as a Demigod Hunter on Oct 8, 2020.
             Slain by a cyan ugly thing (17 damage)
             ... on level 12 of the Dungeon.
             The game lasted 00:38:41 (16859 turns).

Drachen the Carver (Demigod Hunter)                Turns: 16859, Time: 00:38:41

Health: -2/86      AC: 16    Str: 20    XL:     11   Next: 19%
Magic:  18/18      EV: 12    Int: 15    God:
Gold:   653        SH:  0    Dex: 20    Spells: 10/10 levels left

rFire    . . .     SeeInvis +   t - +0 long sword
rCold    . . .     Gourm    .   (no shield)
rNeg     + . .     Faith    .   d - +0 chain mail
rPois    +         Spirit   .   r - +0 helmet
rElec    .         Reflect  .   O - +0 cloak
rCorr    .         Harm     .   v - +0 pair of gloves {Str+3}
MR       +....                  (no boots)
Stlth    ..........             (no amulet)
HPRegen  0.24/turn              c - ring of positive energy
MPRegen  0.16/turn              A - ring of see invisible

@: no status effects
A: icy blue scales 1, blink, high mp 1, poison resistance, MP-powered wands
a: Blink


You were on level 12 of the Dungeon.
You were not hungry.

You visited 1 branch of the dungeon, and saw 12 of its levels.

You collected 842 gold pieces.
You spent 189 gold pieces at shops.

Inventory:

Hand Weapons
 t - a +0 long sword (weapon)
Missiles
 C - 33 poisoned darts
 G - 2 javelins (quivered)
Armour
 d - a +0 chain mail (worn)
 r - a +0 helmet (worn)
 v - a +0 pair of gloves of strength (worn)
 O - a +0 cloak (worn)
Jewellery
 c - a ring of positive energy (left hand)
 w - an uncursed ring of protection from fire
 A - a ring of see invisible (right hand)
 P - an uncursed ring of wizardry
Wands
 u - a wand of paralysis (8)
 y - a wand of flame (39)
 H - a wand of acid (2)
 I - a wand of digging (5)
 K - a wand of random effects (40)
 L - a wand of polymorph (9)
 R - a wand of iceblast (6)
Scrolls
 a - a scroll of fear {unknown}
 e - 2 scrolls of random uselessness
 h - a scroll of immolation {unknown}
 i - 8 scrolls of identify
 k - 4 scrolls of teleportation
 l - 3 scrolls of enchant armour
 m - a scroll of brand weapon {unknown}
 n - a scroll of fog {unknown}
 o - 2 scrolls of remove curse
 p - 2 scrolls of magic mapping
 s - a scroll of enchant weapon {unknown}
 E - a scroll of torment {unknown}
 N - a scroll of amnesia {unknown}
Potions
 b - 3 potions of degeneration {unknown}
 g - a potion of flight
 j - 2 potions of mutation
 q - 4 potions of curing
 x - 3 potions of might
 z - a potion of haste {unknown}
 B - 2 potions of lignification {unknown}
 D - a potion of magic {unknown}
 F - a potion of cancellation {unknown}
 J - 2 potions of invisibility {unknown}
Miscellaneous
 M - a lightning rod (4/4)
Comestibles
 f - 15 rations


   Skills:
 - Level 5.0 Fighting
   Level 1.9(6.0) Short Blades
 + Level 9.0(9.1) Long Blades
 - Level 8.0 Throwing
 - Level 7.0 Armour
 - Level 7.0 Dodging
 - Level 1.0 Stealth
 - Level 5.0 Evocations


You had 10 spell levels left.
You didn't know any spells.
Your spell library contained the following spells:

 Spells                   Type           Power        Failure   Level  Hunger
 Corona                   Hex            #......      92%         1    ##.....
 Ensorcelled Hibernation  Hex/Ice        #.....       98%         2    ###....
 Confusing Touch          Hex            #.......     100%        3    ####...
 Dazzling Flash           Conj/Hex       #.....       100%        3    ####...
 Gell's Gravitas          Tloc           #.........   100%        3    ####...
 Tukima's Dance           Hex            #.......     100%        3    ####...
 Petrify                  Tmut/Erth      #.......     100%        4    #####..
 Metabolic Englaciation   Hex/Ice        #.........   100%        5    ######.
 Yara's Violent Unravell  Hex/Tmut       #.........   100%        5    ######.


Dungeon Overview and Level Annotations

Branches:
Dungeon (12/15)            Temple (0/1) D:5            Lair (0/6) D:8
    Orc (0/2) D:9

Shops:
D:4 :?%   D:5 [

Annotations:
D:12 Kirke


Innate Abilities, Weirdness & Mutations

You have an increased reservoir of magic. (+10% MP)
You are partially covered in icy blue scales. (AC +2)
You can translocate small distances at will.
Your system is resistant to poisons. (rPois)
You expend magic power (3 MP) to strengthen your wands.


Message History

The cyan ugly thing claws you! The cyan ugly thing shocks you!
You slash the cyan ugly thing!
The cyan ugly thing is almost dead.
The cyan ugly thing claws you but does no damage.
You hit the cyan ugly thing but do no damage.
The cyan ugly thing is almost dead.
The cyan ugly thing completely misses you.
You hit the cyan ugly thing.
The cyan ugly thing is almost dead.
The cyan ugly thing claws you but does no damage.
You hit the cyan ugly thing but do no damage.
The cyan ugly thing is almost dead.
The cyan ugly thing claws you. The cyan ugly thing shocks you!
* * * LOW HITPOINT WARNING * * *
You hit the cyan ugly thing.
The cyan ugly thing is almost dead.
The cyan ugly thing claws you!
* * * LOW HITPOINT WARNING * * *
The cyan ugly thing shocks you!
You die...

####### #.########### #((...#
#...........# #.....#
#............
###########.....#####............
.................................
........K.o.o....................
..####'#######..................
###..........#.u......).........
#...o........#.@..............##
+#...h........#)############...#.
..............#.# #...#.
..............#)# #...'.
....K.........#)# #...#.
..............#)# #...#.
###'####......#.# ##..#.
..oo...########....# #).#.
........... .....# ##.#.


You could see a cyan ugly thing.

Vanquished Creatures
  A hydra (D:11)
  A two-headed ogre (D:11)
  An ugly thing (D:10)
  A cyclops (D:11)
  Joseph (D:7)
  2 gargoyles
  Maurice (D:10)
  A troll (D:9)
  2 hippogriffs
  Sigmund (D:5)
  A spriggan (D:7)
  2 wyverns (D:10)
  3 yaks (D:9)
  2 hogs (D:12)
  4 hungry ghosts
  A steam dragon (D:7)
  2 water moccasins
  A black bear (D:11)
  4 orc warriors
  3 phantoms
  A sky beast (D:10)
  5 ogres
  An eye of draining (D:11)
  3 centaurs
  A crocodile (D:9)
  A big kobold (D:9)
  A wyvern zombie (D:8)
  5 bullfrogs
  3 scorpions
  6 killer bees (D:9)
  8 wights
  6 howler monkeys
  4 crimson imps
  5 bullfrog zombies
  A hound (D:10)
  A quasit (D:7)
  3 centaur skeletons
  3 jellies
  2 bullfrog skeletons
  5 orc wizards
  4 iguanas
  5 worker ants
  A hound skeleton (D:11)
  A howler monkey zombie (D:9)
  2 worker ant zombies
  3 gnolls
  11 adders
  5 shadow imps
  An adder zombie (D:8)
  A worm (D:2)
  4 dart slugs
  5 leopard geckos
  20 orcs
  5 giant cockroaches
  8 goblins
  14 hobgoblins
  8 jackals
  7 quokkas
  2 ball pythons
  6 bats
  10 frilled lizards
  12 kobolds
  2 leopard gecko zombies
  2 quokka zombies
  11 rats
250 creatures vanquished.

Vanquished Creatures (others)
  A kobold (D:9)
1 creature vanquished.

Grand Total: 251 creatures vanquished

Notes
Turn   | Place    | Note
-------+----------+-------------------------------------------
     0 | D:1      | Drachen the Demigod Hunter began the quest for the Orb.
     0 | D:1      | Reached XP level 1. HP: 17/17 MP: 3/3
    44 | D:1      | Reached skill level 1 in Stealth
   421 | D:1      | Reached XP level 2. HP: 24/24 MP: 4/4
  1577 | D:1      | Reached skill level 1 in Armour
  1577 | D:1      | Reached XP level 3. HP: 26/29 MP: 5/5
  2282 | D:2      | Reached skill level 1 in Short Blades
  2846 | D:2      | Reached XP level 4. HP: 29/37 MP: 6/6
  4398 | D:3      | Reached XP level 5. HP: 41/42 MP: 7/7
  4700 | D:4      | Found Syarepp's Food Boutique.
  4710 | D:4      | Found a shattered altar of Ashenzari.
  4710 | D:4      | Found a sacrificial altar of Ru.
  5282 | D:4      | Found Vutau's Magic Scroll Emporium.
  5288 | D:4      | Bought a scroll of identify for 28 gold pieces
  5295 | D:4      | Gained mutation: You are partially covered in icy blue
                  | scales. (AC +2) [potion of mutation]
  5295 | D:4      | Gained mutation: You can translocate small distances at
                  | will. [potion of mutation]
  5295 | D:4      | Gained mutation: Your system is resistant to poisons.
                  | (rPois) [potion of mutation]
  5295 | D:4      | Gained mutation: You expend magic power (3 MP) to
                  | strengthen your wands. [potion of mutation]
  5341 | D:4      | Found Xuigoyr's Book Boutique.
  5408 | D:4      | Found an ancient bone altar of Kikubaaqudgha.
  5409 | D:4      | Found a white marble altar of Elyvilon.
  5413 | D:4      | Found a snail-covered altar of Cheibriados.
  5414 | D:4      | Found a radiant altar of Vehumet.
  5486 | D:5      | Entered Level 5 of the Dungeon
  5486 | D:5      | Noticed a centaur
  5762 | D:5      | Killed a centaur
  6046 | D:5      | Found Liwk's Armour Boutique.
  6051 | D:5      | Bought a +0 pair of gloves of strength for 161 gold pieces
  6099 | D:5      | Reached skill level 1 in Long Blades
  6099 | D:5      | Reached XP level 6. HP: 51/51 MP: 8/8
  6802 | D:5      | Noticed a water moccasin
  6809 | D:5      | Killed a water moccasin
  6809 | D:5      | Reached skill level 2 in Long Blades
  6809 | D:5      | Reached XP level 7. HP: 52/57 MP: 9/9
  6969 | D:5      | Found a staircase to the Ecumenical Temple.
  7232 | D:6      | Noticed Sigmund
  7266 | D:5      | Killed Sigmund
  7266 | D:5      | Reached skill level 5 in Throwing
  7777 | D:6      | Reached skill level 3 in Long Blades
  7843 | D:6      | Reached XP level 8. HP: 66/67 MP: 10/10
  7857 | D:6      | Found a basalt altar of Yredelemnul.
  8589 | D:7      | Reached skill level 5 in Fighting
  8589 | D:7      | Reached skill level 4 in Long Blades
  8589 | D:7      | Reached skill level 5 in Dodging
  8668 | D:7      | Noticed Joseph
  8672 | D:7      | Paralysed by Joseph for 4 turns
  8682 | D:7      | Paralysed by Joseph for 4 turns
  8693 | D:7      | Killed Joseph
  9752 | D:8      | Reached XP level 9. HP: 71/74 MP: 11/11
  9781 | D:8      | Reached skill level 5 in Long Blades
  9851 | D:8      | Found a staircase to the Lair.
  9866 | D:8      | Found a blossoming altar of Fedhas.
 10135 | D:8      | Reached skill level 1 in Evocations
 10489 | D:9      | Found a shadowy altar of Dithmenos.
 10794 | D:9      | Reached skill level 6 in Long Blades
 11083 | D:9      | Found a staircase to the Orcish Mines.
 11812 | D:9      | Reached skill level 5 in Armour
 12077 | D:9      | HP: 2/74 [killer bee (7)]
 12081 | D:9      | Reached XP level 10. HP: 12/81 MP: 15/15
 12388 | D:9      | Found a blossoming altar of Fedhas.
 12695 | D:10     | Entered Level 10 of the Dungeon
 13484 | D:10     | Found a shadowy altar of Dithmenos.
 13592 | D:10     | Noticed Maurice
 13604 | D:10     | Killed Maurice
 14091 | D:11     | Noticed a cyan ugly thing
 14091 | D:11     | Noticed a cyclops
 14110 | D:10     | Killed a cyan ugly thing
 14531 | D:11     | Killed a cyclops
 14633 | D:11     | Reached skill level 7 in Long Blades
 14633 | D:11     | Reached skill level 5 in Evocations
 14871 | D:11     | Noticed a two-headed ogre
 14888 | D:11     | Killed a two-headed ogre
 14896 | D:11     | Noticed a four-headed hydra
 14902 | D:11     | HP: 3/81 [four-headed hydra (9)]
 15060 | D:11     | Killed a six-headed hydra
 15060 | D:11     | Reached skill level 8 in Long Blades
 15060 | D:11     | Reached XP level 11. HP: 27/86 MP: 6/18
 16636 | D:12     | Noticed Kirke
 16730 | D:12     | Reached skill level 9 in Long Blades
 16859 | D:12     | Slain by a cyan ugly thing

Illustrated notes

Levels and vault maps discovered:
D:1:      roderic_chinese_lattice_arrival, layout_loops_ring,
          chequers_big_river, st_stairs_13, chequers_serial_rivers_micro_e,
          minmay_domino_2
D:2:      minmay_angry_zag, layout_basic
D:3:      layout_rooms, first_ration
D:4:      layout_cave_pools, grunt_temple_overflow_open, serial_shops, shop,
          nicolae_shop_statue_plus, shop_statue
D:5:      layout_loops_corners, minmay_temple_entry_hall, serial_shops,
          kennysheep_little_box
D:6:      layout_layer_cave, yredelemnul_altar_generic, uniq_sigmund
D:7:      layout_cave_pools, the_bakery, uniq_joseph
D:8:      layout_loops_ring, lair_entry_dummy, fedhas_altar_4
D:9:      layout_basic, nicolae_overflow_crystal_walls,
          nicolae_overflow_hidden_temple, orc_0_dummy
D:10:     layout_irregular_city, david_defended_altar_elf, uniq_maurice
D:11:     layout_loops_ring
D:12:     layout_irregular_city, uniq_kirke, uniq_psyche, uniq_rupert

Skill      XL: |  1  2  3  4  5  6  7  8  9 10 11 |
---------------+----------------------------------+-----
Stealth        | 1 |  1.0
Fighting       | 2 3 4 5 |  5.0
Dodging        | 2 3 4 5 7 |  7.0
Armour         | 1 2 3 5 7 |  7.0
Short Blades   | 1 |  1.9
Throwing       | 4 5 7 8 |  8.0
Long Blades    | 1 2 3 4 6 8 9 |  9.0
Evocations     | 3 5 |  5.0

Action                   |  1- 3 |  4- 6 |  7- 9 | 10-12 || total
-------------------------+-------+-------+-------+-------++-------
Melee: Short sword       |   217 |   122 |       |       ||   339
       Falchion          |       |    39 |       |       ||    39
       Long sword        |       |    55 |   463 |   463 ||   981
Throw: Javelin           |    15 |    13 |    39 |    35 ||   102
       Throwing net      |       |     3 |     1 |       ||     4
       Dart              |       |       |       |     2 ||     2
Evoke: Wand              |       |       |     4 |    10 ||    14
  Use: Scroll            |       |     7 |     2 |     1 ||    10
       Potion            |       |     1 |     3 |       ||     4
 Stab: Sleeping          |     1 |     1 |       |       ||     2
       Held in net/web   |       |     1 |     2 |       ||     3
       Paralysed         |       |       |     8 |     7 ||    15
  Eat: Chunk             |     3 |    12 |    17 |    15 ||    47
       Ration            |     1 |       |       |     7 ||     8
Armor: Leather armour    |    28 |       |       |       ||    28
       Ring mail         |    20 |    84 |    38 |       ||   142
       Scale mail        |       |       |    56 |       ||    56
       Chain mail        |       |       |   132 |   243 ||   375
Dodge: Dodged            |   138 |   138 |   335 |   259 ||   870
       Rpst.: Long sword |       |    10 |   103 |    73 ||   186
       Falchion          |       |     5 |       |       ||     5
